 Dungeon Crawl Stone Soup version 0.29-a0-375-g5102b3be25 (webtiles) character file.

Game seed: 10800545674948969228

25 jaega1 the Charlatan (level 2, -2/21 HPs)
             Began as a Demonspawn Artificer on May 3, 2022.
             Was a Follower of Uskayaw.
             Slain by a goblin
             ... wielding a +0 club
             ... led by Robin
              (6 damage)
             ... on level 1 of the Dungeon.
             The game lasted 00:06:09 (2192 turns).

jaega1 the Charlatan (Demonspawn Artificer)         Turns: 2192, Time: 00:06:10

Health: -2/21      AC:  4    Str: 12    XL:     2   Next: 86%
Magic:  2/2        EV: 11    Int: 12    God:    Uskayaw [*.....]
Gold:   73         SH:  0    Dex: 13    Spells: 0/1 levels left

rFire   . . .      SeeInvis .   f - +0 dagger
rCold   . . .      Faith    .   (no shield)
rNeg    . . .      Spirit   .   b - +0 leather armour
rPois   .          Reflect  .   (no helmet)
rElec   .          Harm     .   h - +0 cloak
rCorr   .          Rampage  .   (no gloves)
Will    .....                   (no boots)
Stlth   +.........              (no amulet)
HPRegen 0.07/turn               (no ring)
MPRegen 0.16/turn               (no ring)

@: no status effects
A: magic regeneration
a: Renounce Religion, Stomp


You were on level 1 of the Dungeon.
You worshipped Uskayaw.
Uskayaw was noncommittal.
You visited 1 branch of the dungeon, and saw 2 of its levels.

You collected 73 gold pieces.

Inventory:

Hand Weapons
 a - a +0 club
 f - a +0 dagger (weapon)
Armour
 b - a +0 leather armour (worn)
 h - a +0 cloak (worn)
Jewellery
 o - an amulet of the acrobat
Wands
 c - a wand of flame (12) (quivered)
 d - a wand of charming (15)
 e - a wand of iceblast (9)
Scrolls
 j - 2 scrolls of identify {unknown}
 k - a scroll of teleportation {unknown}
 m - a scroll of fog {unknown}
 n - a scroll of enchant armour {unknown}
Potions
 g - a potion of invisibility {unknown}
 i - a potion of heal wounds {unknown}
 l - a potion of degeneration {unknown}
 p - a potion of resistance {unknown}


   Skills:
 - Level 1.0 Fighting
 - Level 1.7 Armour
 - Level 0.8 Dodging
 - Level 0.8 Stealth
 * Level 1.0 Necromancy
 + Level 4.0 Evocations


You couldn't memorise any spells.
You knew the following spells:

 Your Spells              Type           Power      Damage    Failure   Level
a - Pain                  Necr           8%         1d4       28%         1

Your spell library contained the following spells:

 Spells                   Type           Power      Damage    Failure   Level
 Animate Skeleton         Necr           4%         N/A       28%         1
 Apportation              Tloc           0%         N/A       38%         1
 Vampiric Draining        Necr           2%         2d6       63%         3
 Alistair's Intoxication  Tmut/Pois      0%         N/A       100%        5


Dungeon Overview and Level Annotations

Branches:
Dungeon (2/15)

Altars:
Uskayaw

Shops:
D:1 (

Annotations:
D:2 Robin


Innate Abilities, Weirdness & Mutations

You regenerate magic rapidly.


Message History

Okay, then.
Things that are here:
a +0 hunting sling; a +0 dagger
There is an open door, spattered with blood here.
Items here: )))).
There is an open door, spattered with blood here.
Items here: )))).
Partly explored, can't reach some places.
(D) Dungeon
Where to? (Enter - D:2, ? - help)
There is a stone staircase leading down here.
You climb downwards.
Level annotation: Robin The hobgoblin barely misses you.
The goblin unwields a +0 club.
The goblin wields a +0 hunting sling.
The goblin shoots a sling bullet.
The sling bullet hits you.
Robin roars a battlecry!
The goblins go into a battle-frenzy!
The rat barely misses you.
The hobgoblin hits you but does no damage.
The hobgoblin hits you. x2
A goblin comes into view. It is wielding a +0 club.
The rat bites you but does no damage.
You hear a shout!
The goblin shouts!
You hear a shout!
There is a stone staircase leading up, spattered with blood here.
The hobgoblin barely misses you. The rat bites you but does no damage.
The hobgoblin closely misses you. The goblin hits you with a +0 club.
You climb upwards.
There is a stone staircase leading down here.
The hobgoblin attacks as you move away! The hobgoblin hits you. x2
The goblin attacks as you move away! The goblin barely misses you.
The hobgoblin hits you.
* * * LOW HITPOINT WARNING * * *
Aiming: Iceblast
Press: ? - help, Shift-Dir - straight line
Okay, then.
The goblin attacks as you move away! The goblin hits you but does no damage.
The hobgoblin attacks as you move away! The hobgoblin closely misses you.
The goblin attacks as you move away! The goblin hits you with a +0 club.
You die...

#..# ##...## #.#.# #. #.####
##.....## #.#.# #. #.##.##
##.......## #.>.# #.
####.#...####......>..####...###.
............'.........))......##.
#..#.#...####.........####...###.
...#.##.## ##.rg....## #.......
..##.#### ##gg...## ##.#####
......##### ##@..## #.#
##.##+##..# ##'## #.# ##.#≈§§##.#
#.# #.# #.'§§§+..# #.#########.#
###≈§≈#..# ##.##........#
#+###.######...#.#####..# #.#
#...................# #.#
#.##............##..#
#.###.##.#.##.##.##.....#


You could see 2 hobgoblins, a goblin (strong) and a rat.

Vanquished Creatures
  2 endoplasms (D:1)
  2 hobgoblins (D:1)
  2 jackals (D:1)
  7 ball pythons (D:1)
  2 bats (D:1)
  7 goblins (D:1)
  A rat (D:1)
23 creatures vanquished.

Notes
Turn   | Place    | Note
-------+----------+-------------------------------------------
     0 | D:1      | jaega1 the Demonspawn Artificer began the quest for the
                  | Orb.
     0 | D:1      | Reached XP level 1. HP: 15/15 MP: 1/1
    46 | D:1      | Found Meyjam's Antique Weapon Boutique.
   781 | D:1      | Gained mutation: You regenerate magic rapidly. [demonic
                  | ancestry]
   781 | D:1      | Reached XP level 2. HP: 18/21 MP: 2/2
   785 | D:1      | Learned a level 1 spell: Pain
  1046 | D:1      | Found a faded altar of an unknown god.
  1161 | D:1      | Prayed at the altar of an unknown god.
  1161 | D:1      | Became a worshipper of Uskayaw the Reveller
  1161 | D:1      | Reached * piety under Uskayaw
  1234 | D:1      | Reached ** piety under Uskayaw
  1699 | D:2      | Noticed Robin
  1924 | D:1      | Reached *** piety under Uskayaw
  1925 | D:1      | Reached skill level 1 in Necromancy
  1925 | D:1      | Reached skill level 4 in Evocations
  2192 | D:1      | Slain by a goblin

Illustrated notes

Levels and vault maps discovered:
D:1:      minmay_arrival_five_plusses, layout_loops_corners,
          shapermc_ecumenical_altar_notcrosses, serial_shops,
          nicolae_shop_temple_entry_statues_fountains,
          corexii_item_surrounded_by_moat, nrook_mini_backslash,
          minmay_liquid_box
D:2:      layout_basic, minmay_misc_feat_x, minmay_tetromino_i2, uniq_jessica,
          uniq_robin

Skill      XL: |  1  2 |
---------------+-------+-----
Necromancy     | 1 |  1.0
Evocations     | 4 |  4.0
Fighting       | |  1.0
Armour         | |  1.7
Dodging        | |  0.8
Stealth        | |  0.8

Action                   || total
-------------------------++-------
Melee: Dagger            ||    61
       Club              ||     7
 Cast: Pain              ||    20
Evoke: Wand              ||     3
 Stab: Sleeping          ||     1
Armor: Leather armour    ||    34
Dodge: Dodged            ||    74

Table legend: (Time is in decaauts)
 A = Elapsed time spent in this place.
 B = Non-inter-level travel time spent in this place.
 C = Inter-level travel time spent in this place.
 D = Time resting spent in this place.
 E = Time spent auto-exploring this place.
 F = Levels seen in this place.
 G = Mean time per level.
                   A        B        C        D        E       F      G
               +--------+--------+--------+--------+--------+-----+--------+
         Total |   2198 |   2159 |     39 |    828 |    894 |   2 | 1099.0 |
       Dungeon |   2198 |   2159 |     39 |    828 |    894 |   2 | 1099.0 |
               +--------+--------+--------+--------+--------+-----+--------+

Top non-repeatable levels by time:
     D:1: 2179 daAuts
     D:2: 18 daAuts
